 Dungeon Crawl Stone Soup version 0.30-a0-134-gb40fab5c76 (webtiles) character file.

Game seed: 11491003209691952170

26 ytrimaz the Chopper (level 2, 16/24 HPs)
             Began as a Demonspawn Gladiator on Sept 19, 2022.
             Was a Follower of Uskayaw.
             Quit the game on level 1 of the Dungeon.
             The game lasted 00:00:39 (553 turns).

ytrimaz the Chopper (Demonspawn Gladiator)           Turns: 553, Time: 00:00:39

Health: 16/24      AC:  4    Str: 14    XL:     2   Next: 89%
Magic:  2/2        EV: 12    Int:  9    God:    Uskayaw [*.....]
Gold:   80         SH:  0    Dex: 14    Spells: 1/1 levels left

rFire   + . .      SeeInvis .    a - +0 war axe
rCold   + . .      Faith    .    (no shield)
rNeg    . . .      Spirit   .    b - +0 leather armour
rPois   .          Reflect  .    c - +0 helmet
rElec   .          Harm     .    f - scarf {rC+ rF+}
rCorr   .          Rampage  .    (no gloves)
Will    .....                    (no boots)
Stlth   +.........               (no amulet)
HPRegen 0.08/turn                (no ring)
MPRegen 0.08/turn                (no ring)

@: no status effects
A: demonic touch 1
a: Renounce Religion, Stomp


You were on level 1 of the Dungeon.
You worshipped Uskayaw.
Uskayaw was noncommittal.
You visited 1 branch of the dungeon, and saw 1 of its levels.

You collected 80 gold pieces.


Innate Abilities, Weirdness & Mutations

Your touch may inflict minor irresistible damage on your foes.


   Skills:
 * Level 3.0 Fighting
 + Level 3.1 Axes
 - Level 1.7 Throwing
 - Level 2.6 Dodging


You had one spell level left.
You didn't know any spells.
Your spell library contained the following spells:

 Spells                   Type           Power      Damage    Failure   Level
 Summon Small Mammal      Summ           0%         N/A       45%         1
 Cigotuvi's Dreadful Rot  Necr/Pois/Air  0%         N/A       61%         2
 Call Canine Familiar     Summ           0%         N/A       83%         3
 Summon Guardian Golem    Hex/Summ       0%         N/A       83%         3
 Dispel Undead            Necr           0%         3d6       99%         4
 Death Channel            Necr           0%         N/A       100%        6

Inventory:

Hand Weapons
 a - a +0 war axe (weapon)
Missiles
 d - 3 throwing nets (quivered)
 e - a javelin
Armour
 b - a +0 leather armour (worn)
 c - a +0 helmet (worn)
 f - a scarf of resistance (worn)
   (You found it on level 1 of the Dungeon)
Scrolls
 g - 2 scrolls of identify {unknown}
 k - a scroll of teleportation {unknown}
Potions
 h - a potion of curing {unknown}
 i - a potion of cancellation {unknown}
 j - a potion of ambrosia {unknown}

Dungeon Overview and Level Annotations

Branches:
Dungeon (1/15) Zot: 5427

Altars:
Uskayaw

#..#G#...#G#.#
###.## #
#..###...###.#
#..##
#...........#
##..###
#....._.....#
##...##
#...........#
###...
#.###...###.#
###...
#.#G#...#G#.#
########.....
#.###...###.#
#............
#........†@.#
#............
###.##.##.###
#............
#.......#
#######.#####
#######.#
######'#####
#.#
#...........
#.#
#...........
..#
#...........
...
#...........
#...........


You could see a floating eye.


Message History

Unknown command.
You closely miss the jackal. The jackal closely misses you. x2
The jackal barks!
You hit the jackal but do no damage.
You touch the jackal.
You kill the jackal!
You hear an angry hiss. x2
A rat comes into view.
A frilled lizard comes into view.
You hear an angry hiss.
A frilled lizard and 2 ball pythons come into view.
Found a faded altar of an unknown god.
The ball python hisses angrily.
The jackal misses you.
You see here a ball python corpse.
Unknown command.
The frilled lizard hisses angrily. x2
You slash the jackal!
You kill the jackal!
A bat comes into view.
The ball python barely misses you. The ball python grabs you.
The ball python constricts you.
You escape the ball python's grasp.
The frilled lizard closely misses you.
You hit the ball python but do no damage.
You hit the rat.
You kill the rat!
You hit the frilled lizard.
You kill the frilled lizard!
You closely miss the frilled lizard.
The floating eye turns its gaze towards you.
The ball python closely misses you. The ball python grabs you.
The ball python constricts you.
The frilled lizard bites you but does no damage.
The ball python bites you. The ball python constricts you.
You escape the ball python's grasp.
The ball python attacks as you move away!
The ball python closely misses you. The ball python barely misses you.
The ball python closely misses you. The ball python grabs you.
The ball python constricts you. The frilled lizard barely misses you.
The ball python bites you but does no damage.
The ball python constricts you.
You closely miss the ball python.
You touch the ball python.
You kill the ball python!
You hit the frilled lizard.
You kill the frilled lizard!
You hit the ball python.
You kill the ball python!
The bat misses you.
Your Fighting skill increases to level 3!
The shining eye turns its gaze towards you.
The bat closely misses you. x2
You see here a frilled lizard corpse. 😕 HP[-1]
You now have 24 max hp (+1).
You slash the bat!
You kill the bat!
Unknown command.
No reachable target in view!
Unknown command.
No reachable target in view!
The floating eye turns its gaze towards you.
There is a faded altar of an unknown god here.
This altar belongs to (a) Xom, (b) Uskayaw or (c) Qazlal, but you can't tell which.
Press the corresponding letter to learn more about a god, or press enter to convert or escape to cancel.
Uskayaw accepts your prayer! Uskayaw welcomes you!
You can now stomp with the beat. 😕 HP[+1] Unknown command.
Press < or > to pray at altars.
The floating eye pulsates ominously.
A quokka comes into view. 😎 HP[+1]
Your hp is fully restored (24).
Unknown command.
A quokka is nearby!
Unknown command.
The quokka bites you. 😕 HP[-2]
You take 2 damage, and now have 22/24 hp.
You hit the quokka but do no damage. The quokka bites you. 😕 HP[-1]
You take 1 damage, and now have 21/24 hp.
Unknown command.
You barely miss the quokka. The quokka bites you.
The quokka barely misses you. 😕 HP[-2]
You take 2 damage, and now have 19/24 hp.
You completely miss the quokka. The quokka bites you.
The quokka barely misses you. 😮 HP[-4]
You take 4 damage, and now have 15/24 hp.
You are too injured to fight recklessly!
You slash the quokka!
You kill the quokka!
Unknown command.
You are too injured to fight recklessly!
You see here a quokka corpse. 😮 HP[+1] Unknown command.
Are you sure you want to abandon this character and quit the game? (Confirm with "yes".)

Skill      XL: |  1  2 |
---------------+-------+-----
Axes           | 3 |  3.1
Fighting       | 3 |  3.0
Throwing       | |  1.7
Dodging        | |  2.6

Action                   || total
-------------------------++-------
Melee: War axe           ||    55
       Touch             ||     5
Armor: Leather armour    ||    30
Dodge: Dodged            ||    77

Levels and vault maps discovered:
D:1:      psy_arrival_statuary, layout_rooms,
          hellmonk_ecumenical_altar_watching_god

Notes
Turn   | Place    | Note
-------+----------+-------------------------------------------
     0 | D:1      | ytrimaz the Demonspawn Gladiator began the quest for the
                  | Orb.
     0 | D:1      | Reached XP level 1. HP: 16/16 MP: 1/1
     0 | D:1      | magus.rc [v1.9.6]
   163 | D:1      | Gained mutation: Your touch may inflict minor irresistible
                  | damage on your foes. [demonic ancestry]
   163 | D:1      | Reached XP level 2. HP: 19/23 MP: 2/2
   253 | D:1      | You pick up a book of Callings and begin reading...
   253 | D:1      | You add the spells Summon Small Mammal, Call Canine
                  | Familiar and Summon Guardian Golem to your library.
   315 | D:1      | You pick up a book of Decay and begin reading...
   315 | D:1      | You add the spells Cigotuvi's Dreadful Rot, Dispel Undead
                  | and Death Channel to your library.
   500 | D:1      | Reached skill level 3 in Axes
   510 | D:1      | Noticed a floating eye
   515 | D:1      | Found a faded altar of an unknown god.
   518 | D:1      | Noticed a floating eye
   522 | D:1      | Reached skill level 3 in Fighting
   522 | D:1      | Noticed a floating eye
   522 | D:1      | Noticed a shining eye
   528 | D:1      | Prayed at the altar of an unknown god.
   528 | D:1      | Became a worshipper of Uskayaw the Reveller
   528 | D:1      | Reached * piety under Uskayaw
   553 | D:1      | Quit the game

Vanquished Creatures
  5 ball pythons (D:1)
  5 bats (D:1)
  An endoplasm (D:1)
  A giant cockroach (D:1)
  A hobgoblin (D:1)
  4 jackals (D:1)
  A quokka (D:1)
  3 frilled lizards (D:1)
  A kobold (D:1)
  A rat (D:1)
23 creatures vanquished.

Table legend:
 A = Non-vault XP
 B = Vault XP
 C = Vault XP percentage of total XP
 D = Non-vault monster count
 E = Vault monster count
 F = Vault count percentage of total count
                 A         B        C        D         E       F
            +---------+---------+-------+---------+---------+-------
      Total |      38 |       0 |   0.0 |      23 |       0 |   0.0
            +---------+---------+-------+---------+---------+-------
        D:1 |      38 |       0 |   0.0 |      23 |       0 |   0.0
            +---------+---------+-------+---------+---------+-------

Illustrated notes

Table legend:
 A = Kills in this place as a percentage of kills in entire the game.
 B = Kills by you in this place as a percentage of kills by you in the entire game.
 C = Kills by friends in this place as a percentage of kills by friends in the entire game.
 D = Other kills in this place as a percentage of other kills in the entire game.
 E = Experience gained in this place as a percentage of experience gained in the entire game.
 F = Experience gained in this place divided by the number of levels of this place that you have seen.
                   A       B       C       D       E      F
               +-------+-------+-------+-------+-------+----------------------
         Total | 100.0 | 100.0 |   N/A |   N/A | 100.0 |  38.0
       Dungeon | 100.0 | 100.0 |   N/A |   N/A | 100.0 |  38.0
               +-------+-------+-------+-------+-------+----------------------

Table legend: (Time is in decaauts)
 A = Elapsed time spent in this place.
 B = Non-inter-level travel time spent in this place.
 C = Inter-level travel time spent in this place.
 D = Time resting spent in this place.
 E = Time spent auto-exploring this place.
 F = Levels seen in this place.
 G = Mean time per level.
                   A        B        C        D        E       F      G
               +--------+--------+--------+--------+--------+-----+--------+
         Total |    572 |    572 |      0 |      0 |    419 |   1 |  572.0 |
       Dungeon |    572 |    572 |      0 |      0 |    419 |   1 |  572.0 |
               +--------+--------+--------+--------+--------+-----+--------+

Top non-repeatable levels by time:
     D:1: 572 daAuts
